 Dungeon Crawl Stone Soup version 0.17.1-1-g73c8601 (webtiles) character file.

112689 Kloppie the Warrior (level 16, -14/163 HPs)
             Began as a Deep Dwarf Monk on Jan 5, 2016.
             Was the Champion of Makhleb.
             Demolished by a stone giant (21 damage)
             ... in a wizard's laboratory on Jan 8, 2016.
             The game lasted 01:36:59 (27504 turns).

Kloppie the Warrior (Deep Dwarf Monk)              Turns: 27504, Time: 01:36:59

Health: -14/163    AC: 22    Str: 20      XL:     16   Next: 12%
Magic:  3/3        EV: 14    Int: 14 (17) God:    Makhleb [******]
Gold:   2732       SH: 16    Dex: 18      Spells: 0 memorised, 15 levels left

rFire  + . .     SeeInvis .       - Unarmed
rCold  . . .     Clarity  .     R - +4 chain mail {MR+}
rNeg   + . .     SustAt   .     t - +2 shield {reflect}
rPois  .         Gourm    +     P - +0 hat
rElec  .         Spirit   .     F - +2 cloak
rCorr  .         Warding  .     v - +2 pair of gloves {Dex+3}
rMut   .         Stasis   .     l - +1 pair of boots
MR     +++..                    E - amulet of the gourmand
Stlth  ..........               O - ring "Muuteadgho" {Wiz Str+3 Int+3}
                                y - ring of protection from fire

@: corroded equipment, non-regenerating, extremely resistant to hostile
enchantments, extremely unstealthy
A: damage resistance, recharge devices, clumsy 1, low mp 1, negative energy
resistance 1, sense surroundings 2, slow regeneration 3
a: Device Recharging, Minor Destruction, Lesser Servant of Makhleb, Major
Destruction, Greater Servant of Makhleb, Renounce Religion


You were in a wizard's laboratory.
You worshipped Makhleb.
Makhleb was exalted by your worship.
You were not hungry.

You visited 4 branches of the dungeon, and saw 28 of its levels.
You also visited: Labyrinth, Volcano and Wizlab.

You collected 3097 gold pieces.
You spent 365 gold pieces at shops.

Inventory:

Missiles
 z - 15 javelins (quivered)
Armour
 l - a +1 pair of boots (worn)
 t - a +2 shield of reflection (worn)
 v - a +2 pair of gloves of dexterity (worn)
 F - a +2 cloak (worn)
 P - a +0 hat (worn)
 R - a +4 chain mail of magic resistance (worn)
Jewellery
 f - an uncursed ring of ice
 k - an uncursed ring of fire
 m - an uncursed amulet of stasis
 y - a ring of protection from fire (left hand)
 E - an amulet of the gourmand (around neck)
 O - the ring "Muuteadgho" (right hand) {Wiz Str+3 Int+3}
   (You found it on level 3 of the Lair of Beasts)

   [ring of wizardry]

   It improves your spell success rate.
   It affects your strength (+3).
   It affects your intelligence (+3).
Wands
 j - a wand of heal wounds (1)
 G - a wand of teleportation (7)
 I - a wand of disintegration (9)
 M - a wand of disintegration (15)
Scrolls
 e - 4 scrolls of magic mapping
 g - a scroll of fear
 i - 13 scrolls of remove curse
 p - 4 scrolls of identify
 s - 3 scrolls of teleportation
 D - a scroll of blinking
 K - 2 scrolls of recharging
 Q - a scroll of fog
 U - 3 scrolls of silence
Potions
 d - a potion of flight
 n - 2 potions of heal wounds
 o - 4 potions of ambrosia
 r - 6 potions of resistance
 x - 7 potions of curing
 A - 3 potions of cancellation
 C - 2 potions of berserk rage
 H - a potion of lignification
 X - a potion of agility
Books
 J - a book of Spatial Translocations

   Spells                             Type                      Level
   a - Apportation                    Translocation                1
   b - Blink                          Translocation                2
   c - Shroud of Golubria             Charms/Translocation         2
   d - Portal Projectile              Translocation                3
   e - Teleport Other                 Translocation                3
   f - Passage of Golubria            Translocation                4
Miscellaneous
 a - a phantom mirror
 S - a box of beasts
Comestibles
 c - 16 bread rations
 q - 15 meat rations
 B - 11 royal jellies


   Skills:
 + Level 15.1 Fighting
 - Level 12.2 Armour
 - Level 10.4 Dodging
 - Level 2.4 Stealth
 - Level 15.0 Shields
 + Level 13.9 Unarmed Combat
 - Level 4.2 Invocations
 - Level 8.0 Evocations


You had 15 spell levels left.
You didn't know any spells.

Dungeon Overview and Level Annotations

Branches:
Dungeon (15/15)            Temple (0/1) D:6            Lair (8/8) D:10
 Shoals (0/4) Lair:5       Spider (0/4) Lair:6        Slime (0/6) Lair:7
    Orc (4/4) D:11            Elf (1/3) Orc:4        Vaults (0/5) D:13
 Depths (0/5) D:15

Altars:
Ashenzari
Cheibriados
Dithmenos
Fedhas
Makhleb
Okawaru
Qazlal
Xom
The Shining One
Beogh
Jiyva

Shops:
D:4 %[   Orc:4 ??}=

Annotations:
D:10 1 runed door


Innate Abilities, Weirdness & Mutations

You are resistant to damage.
You can recharge devices by infusing magical energy.
You resist negative energy.
You passively map the area around you.
You do not regenerate naturally.
You are clumsy. (Dex -2)
Your magical capacity is low (-10% MP).


Message History

You block the stone giant's attack.
You block the brown very ugly thing's attack.
You pummel the brown very ugly thing!!
The brown very ugly thing is heavily wounded.
You block the white ugly thing's attack.
You closely miss the brown very ugly thing.
The brown very ugly thing is heavily wounded.
The brown very ugly thing tentacle-slaps you.
You are splashed with acid!
The acid burns!
* * * LOW HITPOINT WARNING * * *
The stone giant hits you!
* * * LOW HITPOINT WARNING * * *
The white ugly thing engulfs you.
* * * LOW HITPOINT WARNING * * *
The white ugly thing freezes you!!
* * * LOW HITPOINT WARNING * * *
You closely miss the brown very ugly thing.
The brown very ugly thing is heavily wounded.
The stone giant hits you!!
You die...

##...##
###...............
##...###......#.###.#....
##.......u#...u.uu....#.
##..(....##C........##.
#........#..#####..#..
### ##...##...#### ####..
#..### #....###...#, ,
### #....# ##(....###.(##
, , # ##....#
#......@##..(# #....##
#..##.uCu...## , #....#
#...###....## , ##.##.#
#.....###.## , .#....#
#..#....### ,* , ,
.#...## ##....#...#* *
.....# #.....##..#, * ,
...#.# #..#.###..#© , ,,
.....# #.....##..# , ,,,


You could see a brown very ugly thing, a stone giant and a white ugly thing.

Vanquished Creatures
  A tentacled starspawn (WizLab)
  Donald (Orc:3)
  Maud (D:14)
  A deep elf sorcerer (Elf:1)
  An orc warlord (Orc:2)
  4 stone giants (WizLab)
  A very ugly thing (WizLab)
  6 dire elephants (Lair:8)
  Snorg (Lair:4)
  2 great orbs of eyes (WizLab)
  A minotaur (Lab)
  Josephine (D:11)
  A yaktaur captain (D:12)
  A fire dragon (D:15)
  Fannar (D:10)
  Harold (Orc:3)
  11 hydras
  An ice dragon (D:15)
  Erica (D:8)
  A centaur warrior (D:15)
  An anaconda (Lair:8)
  2 dancing weapons (D:13)
  An ogre mage (D:15)
  A queen ant (Lair:5)
  4 orc high priests (Orc:4)
  Urug (Lair:4)
  Sonja (D:15)
  A wretched star (WizLab)
  6 skeletal warriors
  2 deep elf knights (Elf:1)
  5 giant orange brains (WizLab)
  A deep elf summoner (Elf:1)
  4 hill giants
  3 griffons
  A lindwurm (Lair:7)
  5 black mambas
  An orc sorcerer (Orc:4)
  6 cyclopes
  A manticore (D:15)
  A harpy (shapeshifter) (D:15)
  6 ugly things
  11 elephants
  Maurice (Orc:2)
  A centaur zombie (D:10)
  3 eyes of devastation (WizLab)
  2 centaur skeletons
  7 spiny frogs
  A molten gargoyle (Volcano)
  6 komodo dragons
  3 fire drakes
  2 deep elf priests (Elf:1)
  3 polar bears
  4 two-headed ogres
  A queen bee (D:14)
  4 jumping spiders (Lair:6)
  3 trolls
  Prince Ribbit (Lair:1)
  A trapdoor spider zombie (D:8)
  24 blink frogs
  5 slime creatures (D:15)
  A redback (Lair:6)
  5 wraiths
  35 yaks
  A spriggan (D:7)
  3 fire elementals (Volcano)
  4 basilisks
  5 deep elf magi
  10 golden eyes (WizLab)
  5 shadows
  A wyvern (D:10)
  7 hippogriffs
  Menkaure (D:7)
  A neqoxec (WizLab)
  2 wargs
  A hungry ghost (D:14)
  16 wolves
  4 deep elf fighters (Elf:1)
  A steam dragon (D:11)
  2 ice beasts
  6 soldier ants (Lair:5)
  24 orc warriors
  15 water moccasins
  2 phantoms
  6 starcursed masses (WizLab)
  2 black bears
  10 porcupines
  14 centaurs
  A necrophage (D:9)
  15 ogres
  3 sky beasts
  13 crocodiles
  2 big kobolds
  14 giant frogs
  3 scorpions
  8 wights (D:9)
  A wyvern skeleton (D:14)
  26 killer bees (D:14)
  4 crimson imps
  4 giant frog zombies
  8 hounds
  9 iguanas
  A jelly (D:6)
  52 orc wizards
  37 orc priests
  26 worker ants
  A sheep (Lair:8)
  A mummy (D:7)
  A worker ant zombie (D:11)
  2 hound skeletons (D:4)
  14 adders
  4 gnolls
  45 river rats
  5 shadow imps
  2 oozes (D:3)
  3 worms
  An adder zombie (D:9)
  2 adder skeletons
  7 giant geckos
  196 orcs
  A ball python (D:2)
  2 giant cockroaches
  4 goblins
  8 hobgoblins
  4 quokkas
  3 bats (D:2)
  3 giant newts
  9 jackals
  2 jackal zombies
  13 kobolds
  2 quokka skeletons
  8 rats
  3 plants
933 creatures vanquished.

Vanquished Creatures (collateral kills)
  A skeletal warrior (D:10)
  A hill giant (D:10)
  3 boulder beetles (Lair:7)
  An orc warrior (D:10)
  A phantom (D:10)
  A big kobold (D:9)
  A hound (D:10)
  An orc wizard (Orc:3)
  An orc priest (D:10)
  A giant frog skeleton (D:10)
  3 worker ants (Lair:5)
  6 orcs
  2 kobolds (D:9)
23 creatures vanquished.

Vanquished Creatures (others)
  Nessos (Lair:8)
  2 centaurs
  4 sheep (Lair:8)
  An orc (D:11)
  12 fungi
  7 plants
  4 starspawn tentacles (WizLab)
  85 starspawn tentacle segments (WizLab)
116 creatures vanquished.

Grand Total: 1072 creatures vanquished

Notes
Turn   | Place    | Note
--------------------------------------------------------------
     0 | D:1      | Kloppie the Deep Dwarf Monk began the quest for the Orb.
     0 | D:1      | Reached XP level 1. HP: 20/20 MP: 1/1
   980 | D:2      | Reached XP level 2. HP: 24/27 MP: 2/2
  1093 | D:2      | Reached skill level 1 in Armour
  1161 | D:2      | Reached XP level 3. HP: 23/34 MP: 3/3
  1215 | D:2      | Reached skill level 4 in Unarmed Combat
  1669 | D:2      | Reached XP level 4. HP: 39/42 MP: 4/4
  2195 | D:4      | Reached XP level 5. HP: 35/50 MP: 5/5
  2265 | D:4      | Got a faintly humming scale mail
  2306 | D:4      | Identified the +1 scale mail "Tadgh" {rPois rN+ MP+9} (You found it on level 4 of the Dungeon)
  2675 | D:4      | Reached XP level 6. HP: 44/57 MP: 6/6
  2723 | D:4      | Found Viph's Antique Armour Emporium.
  2726 | D:4      | Bought a pair of embroidered gloves for 85 gold pieces
  2805 | D:4      | Found Imuliq's Food Boutique.
  2953 | D:4      | Reached skill level 5 in Unarmed Combat
  3591 | D:5      | Entered Level 5 of the Dungeon
  3653 | D:5      | Reached XP level 7. HP: 9/66 MP: 7/7
  4462 | D:6      | Reached skill level 5 in Fighting
  4607 | D:6      | Found a blossoming altar of Fedhas.
  4607 | D:6      | Found a shimmering altar of Xom.
  4607 | D:6      | Found a shattered altar of Ashenzari.
  4607 | D:6      | Found a stormy altar of Qazlal.
  4613 | D:6      | Found a burning altar of Makhleb.
  4613 | D:6      | Found an iron altar of Okawaru.
  4624 | D:6      | Became a worshipper of Makhleb the Destroyer
  4624 | D:6      | Reached * piety under Makhleb
  4624 | D:6      | Reached ** piety under Makhleb
  4741 | D:6      | Reached skill level 5 in Armour
  4904 | D:6      | Found a staircase to the Ecumenical Temple.
  5214 | D:7      | Reached skill level 6 in Unarmed Combat
  5299 | D:7      | Reached XP level 8. HP: 62/75 MP: 6/6
  5344 | D:7      | Noticed Menkaure
  5355 | D:7      | Killed Menkaure
  5413 | D:7      | Noticed a spriggan baker
  5464 | D:7      | Killed a spriggan baker
  5625 | D:7      | Found a snail-covered altar of Cheibriados.
  6030 | D:8      | Noticed a two-headed ogre
  6063 | D:7      | Reached skill level 7 in Unarmed Combat
  6111 | D:8      | Found a shadowy altar of Dithmenos.
  6374 | D:8      | Reached *** piety under Makhleb
  6374 | D:8      | Gained mutation: You passively map the area around you. [Deep Dwarf growth]
  6374 | D:8      | Reached XP level 9. HP: 44/85 MP: 5/5
  6463 | D:8      | Noticed Erica
  6479 | D:8      | Killed Erica
  6479 | D:8      | Reached skill level 8 in Armour
  6718 | D:9      | Noticed a cyclops
  7181 | D:9      | Reached skill level 9 in Armour
  7288 | D:9      | Reached skill level 1 in Invocations
  7304 | D:9      | Reached XP level 10. HP: 96/96 MP: 6/6
  7486 | D:9      | Reached **** piety under Makhleb
  7600 | D:9      | Killed a cyclops
  7764 | D:10     | Entered Level 10 of the Dungeon
  7820 | D:10     | Found a staircase to the Lair.
  7857 | D:10     | Reached skill level 10 in Armour
  7924 | D:10     | Noticed a hill giant
  7936 | D:10     | Killed a hill giant
  8199 | D:10     | Noticed a skeletal warrior
  8200 | D:10     | Noticed a skeletal warrior
  8202 | D:10     | Noticed a skeletal warrior
  8220 | D:10     | Killed a skeletal warrior
  8260 | D:10     | Found a runed door.
  8260 | D:10     | Found a glowing golden altar of the Shining One.
  8260 | D:10     | Noticed an angel
  8284 | Lair:1   | Entered Level 1 of the Lair of Beasts
  8388 | Lair:1   | Reached XP level 11. HP: 76/106 MP: 9/9
  8458 | Lair:1   | Reached ***** piety under Makhleb
  8733 | Lair:1   | Noticed Prince Ribbit
  8773 | Lair:1   | Killed Prince Ribbit
  8773 | Lair:1   | Reached skill level 11 in Armour
  9250 | Lair:2   | Noticed a seven-headed hydra
  9374 | Lair:2   | Reached skill level 10 in Fighting
  9401 | Lair:2   | Reached skill level 10 in Unarmed Combat
  9520 | Lair:3   | Got a shimmering pewter ring
 10890 | Lair:4   | Noticed Snorg
 10998 | Lair:4   | Noticed Urug
 11046 | Lair:4   | Killed Urug
 11046 | Lair:4   | Reached XP level 12. HP: 43/118 MP: 5/5
 11063 | Lair:4   | Reached skill level 5 in Dodging
 11138 | Lair:4   | Killed Snorg
 11146 | Lair:4   | Noticed a six-headed hydra
 11198 | Lair:4   | Killed a six-headed hydra
 11611 | Lair:5   | Reached ****** piety under Makhleb
 11762 | Lair:5   | Identified a scroll of acquirement
 12240 | Lair:5   | Identified the ring "Muuteadgho" {Wiz Str+3 Int+3} (You found it on level 3 of the Lair of Beasts)
 12313 | Lair:5   | Found a staircase to the Shoals.
 12542 | Lair:6   | Found a labyrinth entrance.
 12565 | Lab      | Entered a labyrinth
 12807 | Lab      | Noticed a minotaur
 12824 | Lab      | Killed a minotaur
 13041 | Lair:6   | Noticed a seven-headed hydra
 13056 | Lair:6   | Killed a seven-headed hydra
 13171 | Lair:6   | Reached XP level 13. HP: 90/128 MP: 4/4
 13377 | Lair:6   | Found a hole to the Spider Nest.
 13385 | Lair:6   | Reached skill level 12 in Fighting
 13697 | Lair:6   | Noticed a five-headed hydra
 13705 | Lair:6   | Killed a five-headed hydra
 14051 | Lair:7   | Got a heavily runed chain mail
 14062 | Lair:7   | Identified the cursed +1 chain mail "Inisikk" {rPois} (You found it on level 7 of the Lair of Beasts)
 14603 | Lair:7   | Found a viscous altar of Jiyva.
 14604 | Lair:7   | Found a staircase to the Slime Pits.
 14963 | Lair:2   | Killed a seven-headed hydra
 15561 | D:10     | Killed a skeletal warrior
 15588 | D:10     | Killed a skeletal warrior
 15601 | D:10     | Noticed Fannar
 15636 | D:10     | Killed Fannar
 15636 | D:10     | Reached skill level 10 in Dodging
 16113 | D:11     | Got a crude robe
 16114 | D:11     | Identified the +2 robe of Dishonour {-Cast rElec rF+ Slay+3} (You found it on level 11 of the Dungeon)
 16175 | D:11     | Noticed Josephine
 16191 | D:11     | Killed Josephine
 16605 | D:11     | Found a staircase to the Orcish Mines.
 16612 | D:11     | Found a roughly hewn altar of Beogh.
 16823 | Orc:1    | Entered Level 1 of the Orcish Mines
 17269 | Orc:2    | Found a roughly hewn altar of Beogh.
 17369 | Orc:2    | Noticed an orc warlord
 17403 | Orc:2    | Killed an orc warlord
 17410 | Orc:2    | Reached skill level 13 in Fighting
 17474 | Orc:2    | Noticed Maurice
 17799 | Orc:2    | Killed Maurice
 17962 | Orc:3    | Noticed Donald
 18025 | Orc:3    | Killed Donald
 18025 | Orc:3    | Gained mutation: You resist negative energy. [Deep Dwarf growth]
 18025 | Orc:3    | Reached XP level 14. HP: 59/141 MP: 4/4
 18540 | Orc:3    | Reached skill level 1 in Shields
 18706 | Orc:2    | Noticed Harold
 18728 | Orc:3    | Killed Harold
 18959 | Orc:4    | Entered Level 4 of the Orcish Mines
 19405 | Orc:4    | Found a staircase to the Elven Halls.
 19766 | Orc:4    | Reached skill level 5 in Shields
 19878 | Orc:4    | Gained mutation: Your magical capacity is low (-10% MP). [a neqoxec]
 19922 | Orc:4    | Found Nufe Uwa's Magic Scroll Emporium.
 19922 | Orc:4    | Found Yriockycots's Jewellery Shoppe.
 19922 | Orc:4    | Found Qus Utwo's Magic Scroll Emporium.
 19930 | Orc:4    | Found Turopn's Gadget Shoppe.
 19978 | Orc:4    | Bought a cursed -2 ring of dexterity for 30 gold pieces
 19978 | Orc:4    | Bought a cursed -2 ring of evasion for 30 gold pieces
 19981 | Orc:4    | Bought a box of beasts for 220 gold pieces
 20553 | Lair:8   | Entered Level 8 of the Lair of Beasts
 20595 | Lair:8   | Found a dark tunnel.
 20604 | Volcano  | Entered a volcano
 21299 | Lair:8   | Noticed Nessos
 21315 | Lair:8   | Killed Nessos
 21412 | Lair:8   | Found a shattered altar of Ashenzari.
 21486 | Lair:8   | Found a shimmering altar of Xom.
 21720 | Lair:8   | Reached skill level 14 in Fighting
 21969 | Lair:8   | Reached skill level 10 in Shields
 22114 | Lair:8   | Reached skill level 1 in Evocations
 22760 | Lair:8   | Identified the Tome of Companions
 24310 | D:13     | Reached XP level 15. HP: 87/151 MP: 1/1
 24314 | D:13     | Found a gate to the Vaults.
 24324 | D:13     | Reached skill level 5 in Evocations
 24992 | D:14     | Noticed Maud
 25017 | D:14     | Killed Maud
 25071 | D:14     | Got a warped scale mail
 25072 | D:14     | Identified the +6 scale mail "Caufu" {rF- MP+9 Dex+6 Slay-5} (You found it on level 14 of the Dungeon)
 25466 | D:14     | Got a translucent chain mail
 25489 | D:14     | Identified the +2 chain mail of Dulamp {+Inv rF- MR++} (You found it on level 14 of the Dungeon)
 25597 | D:15     | Entered Level 15 of the Dungeon
 25875 | D:15     | Noticed Sonja
 25885 | D:15     | Killed Sonja
 26290 | D:15     | Reached skill level 15 in Shields
 26491 | D:15     | Found a staircase to the Depths.
 26794 | Elf:1    | Entered Level 1 of the Elven Halls
 26972 | Elf:1    | Found a magical portal.
 26988 | WizLab   | Entered Lehudib's Moon Base
 27204 | WizLab   | Paralysed by accursed screaming for 1 turns
 27245 | WizLab   | Noticed a tentacled starspawn
 27312 | WizLab   | Reached XP level 16. HP: 160/160 MP: 3/3
 27382 | WizLab   | Reached skill level 15 in Fighting
 27394 | WizLab   | Gained mutation: You are clumsy. (Dex -2) [a cacodemon]
 27438 | WizLab   | Noticed a tentacled starspawn
 27448 | WizLab   | Killed a tentacled starspawn
 27503 | WizLab   | HP: 7/163 [white ugly thing (21)]
 27504 | WizLab   | Demolished by a stone giant

Action                   |  1- 3 |  4- 6 |  7- 9 | 10-12 | 13-15 | 16-18 || total
-------------------------+-------+-------+-------+-------+-------+-------++-------
Melee: Unarmed           |   137 |   297 |   649 |  1260 |  2925 |    81 ||  5349
 Fire: Blowgun           |       |       |       |     4 |       |       ||     4
Throw: Javelin           |       |       |       |       |    20 |       ||    20
Invok: Lesser Servant of |       |       |       |     9 |     4 |       ||    13
 Abil: Device Recharging |       |       |     4 |     8 |     4 |       ||    16
Evoke: Wand              |     1 |     4 |    17 |    34 |    36 |       ||    92
  Use: Scroll            |       |     9 |    10 |    20 |    15 |       ||    54
       Potion            |       |       |     1 |     5 |     6 |       ||    12
 Stab: Sleeping          |     6 |     1 |       |     4 |     2 |       ||    13
       Distracted        |       |       |       |     1 |     8 |       ||     9
  Eat: Chunk             |     2 |     6 |    24 |    18 |    41 |       ||    91
       Fruit             |       |       |     3 |       |     2 |       ||     5
       Beef jerky        |       |       |       |     1 |       |       ||     1
       Bread ration      |       |       |       |       |     1 |       ||     1
